SL
THUNDER BAY NORTHERN LIONS BC @ PHOENIX HOTSPUR
08/31/2024
 
TOP OF THE 1ST
Thunder Bay Northern Lions BC batting - Pitching for Phoenix Hotspur : RHP Cory Sanders
Pitching: RHP Cory Sanders
Batting: LHB Chris Gregory 0-0: Foul Ball, location: 2F
0-1: Foul Ball, location: 2F
0-2: Ball
1-2: Foul Ball, location: 2F
1-2: Foul Ball, location: 2F
1-2: Foul Ball, location: 2F
1-2: SOLO HOME RUN (Flyball, 89XD), Distance : 429 ft
Batting: LHB Michael Greene 0-0: Foul Ball, location: 2F
0-1: Swinging Strike
0-2: Ball
1-2: Ball
2-2: Ball
3-2: SINGLE (Line Drive, 9S)
Batting: RHB Ed Whitaker 0-0: Ball
1-0: Ball
2-0: Foul Ball, location: 2F
2-1: Foul Ball, location: 2F
2-2: Ball
3-2: Fly out, F6 (Line Drive, 6)
Batting: LHB David Smith 0-0: Ball
Michael Greene is caught stealing 2nd base
1-0: SOLO HOME RUN (Flyball, 9LD), Distance : 371 ft
Batting: SHB Carlos Rodríguez 0-0: DOUBLE (Line Drive, 78D)
Batting: LHB John Brewer 0-0: Called Strike
0-1: Foul Ball, location: 2F
0-2: Ball
1-2: Strikes out looking
Top of the 1st over - 2 run(s), 4 hit(s), 0 error(s), 1 left on base; Thunder Bay 2 - Phoenix 0
BOTTOM OF THE 1ST
Phoenix Hotspur batting - Pitching for Thunder Bay Northern Lions BC : RHP Júlio Palma
Pitching: RHP Júlio Palma
Batting: LHB Arthur Ryan 0-0: Swinging Strike
0-1: Ball
1-1: Ball
2-1: Foul Ball, location: 2F
2-2: Strikes out swinging
Batting: SHB Roberto López 0-0: Called Strike
0-1: Swinging Strike
0-2: Ball
1-2: Foul Ball, location: 2F
1-2: Ball
2-2: Foul Ball, location: 2F
2-2: Ball
3-2: Ground out 6-3 (Groundball, 6M)
Batting: RHB Martín Martínez 0-0: Ball
1-0: Called Strike
1-1: Foul Ball, location: 2F
1-2: Ball
2-2: Strikes out swinging
Bottom of the 1st over - 0 run(s), 0 hit(s), 0 error(s), 0 left on base; Thunder Bay 2 - Phoenix 0
TOP OF THE 2ND
Thunder Bay Northern Lions BC batting - Pitching for Phoenix Hotspur : RHP Cory Sanders
Batting: RHB Keith Fish 0-0: Foul Ball, location: 2F
0-1: Ground out 4-3 (Groundball, 4)
Batting: SHB Arnold Griffith 0-0: Called Strike
0-1: Ball
1-1: Called Strike
1-2: Ground out 6-3 (Groundball, 6M)
Batting: RHB Carlos Padilla 0-0: Called Strike
0-1: Ball
1-1: Swinging Strike
1-2: Foul Ball, location: 2F
1-2: SOLO HOME RUN (Flyball, 9D), Distance : 401 ft
Batting: LHB Chris Gregory 0-0: Ball
1-0: SINGLE (Groundball, 34D)
Batting: LHB Michael Greene 0-0: Ball
1-0: Foul Ball, location: 2F
1-1: Ball
2-1: Foul Ball, location: 2F
2-2: Strikes out swinging
Top of the 2nd over - 1 run(s), 2 hit(s), 0 error(s), 1 left on base; Thunder Bay 3 - Phoenix 0
BOTTOM OF THE 2ND
Phoenix Hotspur batting - Pitching for Thunder Bay Northern Lions BC : RHP Júlio Palma
Batting: RHB Raúl Robles 0-0: Ball
1-0: SINGLE (Line Drive, 8LS)
Batting: RHB António Padilla 0-0: Ball
1-0: Ball
2-0: Called Strike
2-1: Foul Ball, location: 2F
2-2: Fly out, F6 (Line Drive, 6)
Batting: RHB Gabriel Pérez 0-0: Ball
1-0: Ball
2-0: Foul Ball, location: 2F
2-1: Swinging Strike
2-2: Ball
3-2: Fly out, F7 (Line Drive, 78M)
Batting: LHB Shojiro Ueda 0-0: SINGLE (Line Drive, 5L)
Raúl Robles to second
Batting: RHB Alfredo Martínez 0-0: Foul Ball, location: 2F
0-1: Ball
1-1: Called Strike
1-2: Ball
2-2: Foul Ball, location: 2F
2-2: Ball
3-2: Fly out, F2 (Popup, 23F)
Bottom of the 2nd over - 0 run(s), 2 hit(s), 0 error(s), 2 left on base; Thunder Bay 3 - Phoenix 0
TOP OF THE 3RD
Thunder Bay Northern Lions BC batting - Pitching for Phoenix Hotspur : RHP Cory Sanders
Batting: RHB Ed Whitaker 0-0: Called Strike
0-1: Ball
1-1: Swinging Strike
1-2: Foul Ball, location: 2F
1-2: Ball
2-2: Fly out, F8 (Flyball, 8LXD)
Batting: LHB David Smith 0-0: SOLO HOME RUN (Flyball, 89XD), Distance : 427 ft
Batting: SHB Carlos Rodríguez 0-0: Ground out 5-3 (Groundball, 5S)
Batting: LHB John Brewer 0-0: Called Strike
0-1: Ball
1-1: Swinging Strike
1-2: Foul Ball, location: 2F
1-2: Ball
2-2: Strikes out swinging
Top of the 3rd over - 1 run(s), 1 hit(s), 0 error(s), 0 left on base; Thunder Bay 4 - Phoenix 0
BOTTOM OF THE 3RD
Phoenix Hotspur batting - Pitching for Thunder Bay Northern Lions BC : RHP Júlio Palma
Batting: LHB Dave Knight 0-0: Ground out 4-3 (Groundball, 4M)
Batting: LHB Arthur Ryan 0-0: Ball
1-0: Swinging Strike
1-1: Foul Ball, location: 2F
1-2: Foul Ball, location: 2F
1-2: Fly out, F5 (Popup, 5F)
Batting: SHB Roberto López 0-0: Called Strike
0-1: Swinging Strike
0-2: Ball
1-2: Ground out 5-3 (Groundball, 5S)
Bottom of the 3rd over - 0 run(s), 0 hit(s), 0 error(s), 0 left on base; Thunder Bay 4 - Phoenix 0
TOP OF THE 4TH
Thunder Bay Northern Lions BC batting - Pitching for Phoenix Hotspur : RHP Cory Sanders
Batting: RHB Keith Fish 0-0: Ground out 6-3 (Groundball, 6)
Batting: SHB Arnold Griffith 0-0: Ball
1-0: Ball
2-0: Called Strike
2-1: Ball
3-1: Foul Ball, location: 2F
3-2: Base on Balls
Batting: RHB Carlos Padilla 0-0: Fly out, F9 (Flyball, 9LMF)
Batting: LHB Chris Gregory 0-0: Called Strike
0-1: Called Strike
0-2: Strikes out swinging
Top of the 4th over - 0 run(s), 0 hit(s), 0 error(s), 1 left on base; Thunder Bay 4 - Phoenix 0
BOTTOM OF THE 4TH
Phoenix Hotspur batting - Pitching for Thunder Bay Northern Lions BC : RHP Júlio Palma
Batting: RHB Martín Martínez 0-0: Swinging Strike
0-1: Ball
1-1: Ball
2-1: Fly out, F9 (Flyball, 9M)
Batting: RHB Raúl Robles 0-0: Foul Ball, location: 2F
0-1: Swinging Strike
0-2: Strikes out swinging
Batting: RHB António Padilla 0-0: Foul Ball, location: 2F
0-1: Foul Ball, location: 2F
0-2: Foul Ball, location: 2F
0-2: Ball
1-2: Ground out 6-3 (Groundball, 6M)
Bottom of the 4th over - 0 run(s), 0 hit(s), 0 error(s), 0 left on base; Thunder Bay 4 - Phoenix 0
TOP OF THE 5TH
Thunder Bay Northern Lions BC batting - Pitching for Phoenix Hotspur : RHP Cory Sanders
Batting: LHB Michael Greene 0-0: Called Strike
0-1: Foul Ball, location: 2F
0-2: Ball
1-2: Ball
2-2: Ball
3-2: Ground out 3-1 (Groundball, 3)
Batting: RHB Ed Whitaker 0-0: Ball
1-0: SINGLE (Line Drive, 6MD)
Batting: LHB David Smith 0-0: Called Strike
0-1: Ball
Wild Pitch!
Ed Whitaker to second
1-1: Ball
2-1: Ball
3-1: Base on Balls
Batting: SHB Carlos Rodríguez 0-0: Ground out U3 (Groundball, 3S)
Ed Whitaker to third
David Smith to second
Batting: LHB John Brewer 0-0: Fly out, F8 (Flyball, 8LS)
Top of the 5th over - 0 run(s), 1 hit(s), 0 error(s), 2 left on base; Thunder Bay 4 - Phoenix 0
BOTTOM OF THE 5TH
Phoenix Hotspur batting - Pitching for Thunder Bay Northern Lions BC : RHP Júlio Palma
Batting: RHB Gabriel Pérez 0-0: Ball
1-0: Fly out, F8 (Flyball, 8LD)
Batting: LHB Shojiro Ueda 0-0: Ball
1-0: Foul Ball, location: 2F
1-1: Ball
2-1: Ball
3-1: Foul Ball, location: 2F
3-2: Base on Balls
Batting: RHB Alfredo Martínez 0-0: Ball
1-0: 2-RUN HOME RUN (Flyball, 7LD), Distance : 371 ft
Batting: LHB Dave Knight 0-0: Ball
1-0: SINGLE (Groundball, 34D)
Batting: LHB Arthur Ryan 0-0: Ball
1-0: Called Strike
1-1: Foul Ball, location: 2F
1-2: Strikes out swinging
Batting: SHB Roberto López 0-0: Called Strike
0-1: Swinging Strike
0-2: Ball
1-2: SINGLE (Groundball, 34)
Dave Knight to second
Runner from 2nd tries for 3rd, SAFE, no throw or cutoff
Batting: RHB Martín Martínez 0-0: Foul Ball, location: 2F
0-1: Foul Ball, location: 2F
0-2: Strikes out swinging
Bottom of the 5th over - 2 run(s), 3 hit(s), 0 error(s), 2 left on base; Thunder Bay 4 - Phoenix 2
TOP OF THE 6TH
Thunder Bay Northern Lions BC batting - Pitching for Phoenix Hotspur : RHP Cory Sanders
Batting: RHB Keith Fish 0-0: Ball
1-0: Called Strike
1-1: Foul Ball, location: 2F
1-2: Strikes out looking
Batting: SHB Arnold Griffith 0-0: Fly out, F8 (Flyball, 8RM)
Batting: RHB Carlos Padilla 0-0: Ball
1-0: Ball
2-0: Ground out 6-3 (Groundball, 6)
Top of the 6th over - 0 run(s), 0 hit(s), 0 error(s), 0 left on base; Thunder Bay 4 - Phoenix 2
BOTTOM OF THE 6TH
Phoenix Hotspur batting - Pitching for Thunder Bay Northern Lions BC : RHP Júlio Palma
Batting: RHB Raúl Robles 0-0: Called Strike
0-1: Fly out, F4 (Popup, 3L)
Batting: RHB António Padilla 0-0: Ball
1-0: Ball
2-0: Swinging Strike
2-1: Called Strike
2-2: Strikes out looking
Batting: RHB Gabriel Pérez 0-0: Ground out 1-3 (Groundball, 15)
Bottom of the 6th over - 0 run(s), 0 hit(s), 0 error(s), 0 left on base; Thunder Bay 4 - Phoenix 2
TOP OF THE 7TH
Thunder Bay Northern Lions BC batting - Pitching for Phoenix Hotspur : RHP Cory Sanders
Batting: LHB Chris Gregory 0-0: Ball
1-0: Ball
2-0: Called Strike
2-1: Foul Ball, location: 2F
2-2: Foul Ball, location: 2F
2-2: Strikes out swinging
Batting: LHB Michael Greene 0-0: Ball
1-0: Called Strike
1-1: Ball
2-1: Foul Ball, location: 2F
2-2: Foul Ball, location: 2F
2-2: Ball
3-2: Fly out, F8 (Line Drive, 8RS)
Batting: RHB Ed Whitaker 0-0: Ball
1-0: SINGLE (Flyball, 7LM)
Pitching: RHP Jaime van de Weideven
Batting: LHB David Smith 0-0: Ball
1-0: Swinging Strike
1-1: Ball
2-1: Swinging Strike
2-2: Fly out, F6 (Line Drive, 6MD)
Top of the 7th over - 0 run(s), 1 hit(s), 0 error(s), 1 left on base; Thunder Bay 4 - Phoenix 2
BOTTOM OF THE 7TH
Phoenix Hotspur batting - Pitching for Thunder Bay Northern Lions BC : RHP Júlio Palma
Batting: LHB Shojiro Ueda 0-0: Ball
1-0: SINGLE (Groundball, 56D)
Batting: RHB Alfredo Martínez 0-0: Ball
1-0: SINGLE (Groundball, 56D)
Shojiro Ueda to second
Pinch Hitting: RHB Randy Rehling 0-0: Foul Ball, location: 2F
0-1: Foul Ball, location: 2F
0-2: Ball
1-2: Ball
2-2: Strikes out swinging
Batting: LHB Arthur Ryan 0-0: Ball
1-0: Foul Ball, location: 2F
1-1: Foul Ball, location: 2F
1-2: Ball
2-2: Foul Ball, location: 2F
2-2: Ball
3-2: Base on Balls
Shojiro Ueda to third
Alfredo Martínez to second
Pitching: RHP Ted Locke
Batting: SHB Roberto López 0-0: Swinging Strike
0-1: Called Strike
0-2: Fielders Choice at 2nd, 6-4 (Groundball, 6M)
Shojiro Ueda scores
Alfredo Martínez to third
Batting: RHB Martín Martínez 0-0: Called Strike
0-1: Ball
1-1: 3-RUN HOME RUN (Flyball, 78XD), Distance : 430 ft
Batting: RHB Raúl Robles 0-0: Swinging Strike
0-1: Called Strike
0-2: Ball
1-2: SINGLE (Groundball, 34D)
Pitching: RHP Allen Wilson
Batting: RHB António Padilla 0-0: Called Strike
0-1: Called Strike
0-2: Ball
1-2: Ball
2-2: Ball
3-2: Foul Ball, location: 2F
3-2: Base on Balls
Raúl Robles to second
Batting: RHB Gabriel Pérez 0-0: Ball
1-0: Ball
2-0: Fly out, F6 (Popup, 6D)
Bottom of the 7th over - 4 run(s), 4 hit(s), 0 error(s), 2 left on base; Thunder Bay 4 - Phoenix 6
TOP OF THE 8TH
Thunder Bay Northern Lions BC batting - Pitching for Phoenix Hotspur : RHP Jaime van de Weideven
Now in RF: Ángel Rivera
Batting: SHB Carlos Rodríguez 0-0: Ball
1-0: Foul Ball, location: 2F
1-1: Called Strike
1-2: Ball
2-2: Ground out U3 (Groundball, 3)
Batting: LHB John Brewer 0-0: Ball
1-0: Ball
2-0: Ball
3-0: Base on Balls
Batting: RHB Keith Fish 0-0: Ball
1-0: Grounds into double play, 6-4-3 (Groundball, 6)
Top of the 8th over - 0 run(s), 0 hit(s), 0 error(s), 0 left on base; Thunder Bay 4 - Phoenix 6
BOTTOM OF THE 8TH
Phoenix Hotspur batting - Pitching for Thunder Bay Northern Lions BC : RHP Allen Wilson
Batting: LHB Shojiro Ueda 0-0: SINGLE (Groundball, 6MD)
Batting: RHB Alfredo Martínez 0-0: Ground out 3-1 (Groundball, 34)
Shojiro Ueda to second
Batting: RHB Ángel Rivera 0-0: Called Strike
0-1: Fly out, F4 (Popup, 4S)
Batting: LHB Arthur Ryan 0-0: Ground out 1-3 (Groundball, 25)
Bottom of the 8th over - 0 run(s), 1 hit(s), 0 error(s), 1 left on base; Thunder Bay 4 - Phoenix 6
TOP OF THE 9TH
Thunder Bay Northern Lions BC batting - Pitching for Phoenix Hotspur : RHP Jaime van de Weideven
Pitching: RHP Bruce Hamilton
Batting: SHB Arnold Griffith 0-0: Ball
1-0: Called Strike
1-1: Foul Ball, location: 2F
1-2: Ball
2-2: Ball
3-2: Ground out U3 (Groundball, 3)
Batting: RHB Carlos Padilla 0-0: SOLO HOME RUN (Flyball, 8RXD), Distance : 444 ft
Batting: LHB Chris Gregory 0-0: Called Strike
0-1: Called Strike
0-2: Ball
1-2: Foul Ball, location: 2F
1-2: Strikes out looking
Batting: LHB Michael Greene 0-0: Ball
1-0: Foul Ball, location: 2F
1-1: SINGLE (Line Drive, 34D)
Pinch Hitting: RHB Robert O'Connor 0-0: Swinging Strike
0-1: Ball
1-1: Swinging Strike
1-2: Strikes out looking
Top of the 9th over - 1 run(s), 2 hit(s), 0 error(s), 1 left on base; Thunder Bay 5 - Phoenix 6
This league is powered by Out of the Park Baseball, the baseball management simulation game for PC, Mac and Linux
Monday, October 3rd, 2016 - OOTP Baseball 16.9 Build 39